 Dungeon Crawl Stone Soup version 0.30-a0-476-g330ca2eb8e (webtiles) character file.

Game seed: 13686020173757964544

958 Sweetruy1997 the Covered (level 7, -2/60 HPs)
             Began as an Armataur Fighter on Dec 21, 2022.
             Was an Initiate of Qazlal.
             Slain by Maggie
             ... wielding a +2 scimitar of flaming
              (4 damage)
             ... on level 6 of the Dungeon.
             The game lasted 00:13:23 (4428 turns).

Sweetruy1997 the Covered (Armataur Fighter)         Turns: 4428, Time: 00:13:25

Health: -2/60      AC:  5    Str: 21    XL:     7   Next: 91%
Magic:  12/12      EV: 10    Int: 10    God:    Qazlal [......]
Gold:   301        SH:  0    Dex: 16    Spells: 6/12 levels left

rFire   . . .      SeeInvis .    g - +5 dagger (venom)
rCold   . . .      Faith    .    c - +0 buckler
rNeg    . . .      Spirit   .    t - +0 troll leather armour {Pargi}
rPois   .          Reflect  .    (no helmet)
rElec   .          Harm     .    (no cloak)
rCorr   .          Roll     +    (no gloves)
Will    +....                    (no barding)
Stlth   +.........               i - amulet of regeneration
HPRegen 1.90/turn                k - +6 ring of dexterity
MPRegen 0.13/turn                o - ring of willpower

@: confused, ambrosia-drunk, mesmerised, very slightly contaminated
A: large, rugged brown scales 3, deformed body, armoured tail, roll, long
tongue, awkward tongue
a: Renounce Religion


You were on level 6 of the Dungeon.
You worshipped Qazlal.
Qazlal was noncommittal.
You visited 2 branches of the dungeon, and saw 7 of its levels.
You also visited: Sewer.

You collected 301 gold pieces.

Inventory:

Hand Weapons
 g - a +5 dagger of venom (weapon)
Missiles
 s - 22 boomerangs
Armour
 c - a +0 buckler (worn)
 t - a +0 troll leather armour (worn) {Pargi}
Jewellery
 i - an amulet of regeneration (around neck)
 k - a +6 ring of dexterity (left hand)
 o - a ring of willpower (right hand)
Wands
 n - a wand of roots (7)
Scrolls
 h - a scroll of blinking
 q - a scroll of magic mapping
 u - a scroll of butterflies {unknown}
 v - a scroll of fog {unknown}
 w - a scroll of silence {unknown}
 x - a scroll of poison {unknown}
Potions
 a - a potion of magic {unknown}
 d - a potion of might
 e - 3 potions of haste {unknown}
 f - a potion of degeneration {unknown}
 j - a potion of curing
 l - a potion of mutation {unknown}
 m - 3 potions of attraction {unknown}
 p - 2 potions of brilliance
 r - a potion of heal wounds


   Skills:
 - Level 3.0 Fighting
 + Level 3.6 Short Blades
 - Level 1.8 Maces & Flails
 + Level 0.3 Throwing
 - Level 4.0 Armour
 + Level 2.4 Dodging
 - Level 1.0 Stealth
 - Level 4.0 Shields
 + Level 3.4 Spellcasting
 + Level 3.8 Earth Magic


You had 6 spell levels left.
You knew the following spells:

 Your Spells              Type           Power      Damage    Failure   Level
a - Sandblast             Erth           18%        2d7       8%          1
b - Passwall              Tmut/Erth      4%         N/A       26%         2
c - Stone Arrow           Conj/Erth      10%        3d7       45%         3

Your spell library contained the following spells:

 Spells                   Type           Power      Damage    Failure   Level
 Dazzling Flash           Conj/Hex       2%         N/A       75%         3
 Iskenderun's Mystic Bla  Conj/Tloc      1%         2d3       98%         4
 Starburst                Conj/Fire      0%         6d3       100%        6


Dungeon Overview and Level Annotations

Branches:
Dungeon (6/15)             Temple (1/1) D:5           Sewer (visited)

Altars:
Dithmenos
Elyvilon
Fedhas
Gozag
Hepliaklqana
Kikubaaqudgha
Makhleb
Nemelex Xobeh
Okawaru
Qazlal
Trog
Uskayaw
Wu Jian
Xom
Zin
The Shining One

Shops:
D:3 (

Annotations:
D:6 Maggie


Innate Abilities, Weirdness & Mutations

You are completely covered in rugged brown scales. (AC +3, +7% HP)
Armour fits poorly on your strangely shaped body.
You have a long armoured tail.
You roll when moving toward enemies. (Rampage)
Your long tongue fully drains potion bottles. (2x potion effects)
Your tongue gives you trouble enunciating. (1.5x scroll delay)


Message History

The bolt of fire hits you!!
You feel less invigorated.
You feel less confused.
Maggie hits you with a +2 scimitar of flaming!!
* * * LOW HITPOINT WARNING * * *
Maggie burns you.
* * * LOW HITPOINT WARNING * * *
You hit Maggie.
Maggie looks even sicker.
You tail-slap Maggie.
Maggie is heavily wounded.
Maggie mumbles some strange words.
Maggie draws you further into her thrall.
You hit Maggie.
Maggie looks as sick as possible!
Your tail-slap misses Maggie.
Maggie is heavily wounded.
Maggie drinks a potion.
Maggie is healed!
You closely miss Maggie.
Maggie is lightly wounded.
You hit Maggie but do no damage.
Maggie looks as sick as possible!
You tail-slap Maggie.
Maggie is lightly wounded.
You block Maggie's attack.
You closely miss Maggie.
Your tail-slap misses Maggie.
Maggie is lightly wounded.
Maggie hits you with a +2 scimitar of flaming!
* * * LOW HITPOINT WARNING * * *
Maggie burns you.
* * * LOW HITPOINT WARNING * * *
You hit Maggie but do no damage.
Maggie is moderately wounded.
Maggie hits you with a +2 scimitar of flaming.
* * * LOW HITPOINT WARNING * * *
Maggie burns you.
* * * LOW HITPOINT WARNING * * *
You cannot move away from Maggie!
You slurp down every last drop of the potion of ambrosia!
You are confused.
You feel invigorated.
Maggie hits you with a +2 scimitar of flaming!
* * * LOW HITPOINT WARNING * * *
Maggie burns you.
You die...

#....####.#.....
#....# #.......
#....###########
#.......#
######.....###
#..........#
#.....##'#.#
...+...@.##.#.#
.......@.##.#.#
####........#.#
#.(#...######..
#.(#._. .>
#..#.(. ####...
......# ..###.


You could see Maggie (mesmerising, extremely poisoned) and 2 dancing weapons.

Vanquished Creatures
  Edmund (D:4)
  Pargi (Sewer)
  An ice beast (D:5)
  A phantom (D:5)
  2 necrophages
  A scorpion (D:4)
  A jelly (D:5)
  3 hounds
  An iguana (D:4)
  An orc wizard (D:5)
  6 gnolls
  8 adders
  An ufetubus (D:5)
  2 dart slugs
  9 orcs
  5 bats
  6 endoplasms
  6 giant cockroaches
  8 goblins
  6 hobgoblins
  2 jackals (D:3)
  3 kobolds
  8 quokkas
  6 ball pythons
  13 frilled lizards
  3 rats
105 creatures vanquished.

Notes
Turn   | Place    | Note
-------+----------+-------------------------------------------
     0 | D:1      | Sweetruy1997 the Armataur Fighter began the quest for the
                  | Orb.
     0 | D:1      | Reached XP level 1. HP: 19/19 MP: 1/1
   161 | D:1      | Reached XP level 2. HP: 19/26 MP: 2/2
   991 | D:2      | Found a faded altar of an unknown god.
  1030 | D:2      | Reached XP level 3. HP: 33/33 MP: 3/3
  1668 | D:3      | Reached skill level 1 in Stealth
  1710 | D:3      | Reached skill level 1 in Short Blades
  1800 | D:3      | Reached XP level 4. HP: 39/40 MP: 4/4
  1983 | D:3      | Found Esaosea's Weapon Boutique.
  2007 | D:3      | Learned a level 1 spell: Sandblast
  2150 | D:3      | Reached skill level 1 in Dodging
  2467 | D:4      | Noticed Edmund
  2485 | D:4      | Killed Edmund
  2486 | D:4      | Reached skill level 1 in Spellcasting
  2486 | D:4      | Reached skill level 1 in Earth Magic
  2486 | D:4      | Reached XP level 5. HP: 23/48 MP: 2/6
  2729 | D:4      | Reached XP level 6. HP: 47/54 MP: 0/7
  2922 | D:4      | Learned a level 2 spell: Passwall
  3189 | D:5      | Entered Level 5 of the Dungeon
  3266 | D:5      | Found a glowing drain.
  3287 | Sewer    | Entered a sewer
  3332 | Sewer    | Noticed Pargi
  3341 | Sewer    | Killed Pargi
  3342 | Sewer    | Reached XP level 7. HP: 54/60 MP: 8/10
  3818 | D:5      | Found a staircase to the Ecumenical Temple.
  3828 | Temple   | Entered the Ecumenical Temple
  3833 | Temple   | Became a worshipper of Qazlal Stormbringer
  4115 | D:5      | Learned a level 3 spell: Stone Arrow
  4406 | D:6      | Found a hide-covered altar of Uskayaw.
  4406 | D:6      | Noticed Maggie
  4406 | D:6      | Noticed a +0 hand axe
  4411 | D:6      | Noticed a +0 hand axe
  4428 | D:6      | HP: 2/60 [Maggie/+2 scimitar of flaming (12)]
  4428 | D:6      | Slain by Maggie

Illustrated notes

Levels and vault maps discovered:
D:1:      giann_wishing_wells, layout_basic
D:2:      layout_loops_corners, serial_forest, infiniplex_forest_straight_2,
          infiniplex_forest_lined_3_way, infiniplex_forest_lined_2,
          infiniplex_forest_straight_4, infiniplex_forest_clump_diagonal,
          infiniplex_forest_end_3, infiniplex_forest_3_way,
          hellmonk_ecumenical_altar_leap_of_faith, minmay_misc_feat_four_crosses
D:3:      layout_basic, serial_shops, shop
D:4:      layout_basic, uniq_edmund
D:5:      layout_basic, minmay_temple_entry_arrows, gup_sewer_entry_pipe,
          supply_closet_lemuel
D:6:      layout_basic, dancing_weapons_uskayaw, gammafunk_ghost_grave,
          corexii_item_surrounded_by_moat, uniq_eustachio, uniq_maggie,
          uniq_grinder
Temple:   minmay_freezing_vapour_temple

Skill      XL: |  1  2  3  4  5  6  7 |
---------------+----------------------+-----
Armour         | 4 |  4.0
Fighting       | 3 |  3.0
Shields        | 4 |  4.0
Stealth        | 1 |  1.0
Short Blades   | 1 2 3 |  3.6
Dodging        | 1 2 |  2.4
Spellcasting   | 1 2 3 |  3.4
Earth Magic    | 1 3 |  3.8
Maces & Flails | |  1.8
Throwing       | |  0.3

Action                   |  1- 3 |  4- 6 |  7- 9 || total
-------------------------+-------+-------+-------++-------
Melee: Flail             |    21 |       |       ||    21
       Tailslap          |    12 |    19 |     9 ||    40
       Dagger            |    83 |   101 |    59 ||   243
Throw: Throwing net      |       |     1 |       ||     1
       Boomerang         |       |       |     9 ||     9
 Cast: Sandblast         |       |    33 |    26 ||    59
       Stone Arrow       |       |       |     3 ||     3
  Use: Scroll            |       |     7 |     3 ||    10
       Potion            |       |       |     3 ||     3
 Stab: Distracted        |     1 |       |       ||     1
Armor: Scale mail        |    17 |       |       ||    17
       Ring mail         |    35 |    48 |       ||    83
       Troll leather arm |       |       |    21 ||    21
Dodge: Dodged            |    31 |    59 |    37 ||   127
Block: Buckler           |    15 |    37 |    26 ||    78

Table legend: (Time is in decaauts)
 A = Elapsed time spent in this place.
 B = Non-inter-level travel time spent in this place.
 C = Inter-level travel time spent in this place.
 D = Time resting spent in this place.
 E = Time spent auto-exploring this place.
 F = Levels seen in this place.
 G = Mean time per level.
                   A        B        C        D        E       F      G
               +--------+--------+--------+--------+--------+-----+--------+
         Total |   4454 |   4339 |    115 |      0 |   3476 |   8 |  556.8 |
       Dungeon |   4102 |   3994 |    108 |      0 |   3295 |   6 |  683.7 |
        Temple |     33 |     26 |      7 |      0 |     18 |   1 |   33.0 |
         Sewer |    318 |    318 |      0 |      0 |    163 |   1 |  318.0 |
               +--------+--------+--------+--------+--------+-----+--------+

Top non-repeatable levels by time:
     D:2: 938 daAuts
     D:3: 862 daAuts
     D:5: 839 daAuts
     D:4: 779 daAuts
     D:1: 625 daAuts
   Sewer: 318 daAuts
     D:6: 56 daAuts
  Temple: 33 daAuts
